 Dungeon Crawl Stone Soup version 0.30-a0-591-g3c58d2bc28 (webtiles) character file.

Game seed: 8286854656390291887

3816 ryw the Scholar of Death (level 9, -3/54 HPs)
             Began as a Deep Elf Necromancer on Jan 5, 2023.
             Was a Follower of Kikubaaqudgha.
             Shot with an arrow by a centaur warrior (16 damage)
             ... on level 8 of the Dungeon.
             The game lasted 00:31:35 (10597 turns).

ryw the Scholar of Death (Deep Elf Necromancer)    Turns: 10597, Time: 00:31:36

Health: -3/54      AC: 10    Str:  9    XL:     9   Next: 97%
Magic:  10/21      EV: 17    Int: 25    God:    Kikubaaqudgha [*.....]
Gold:   432        SH:  0    Dex: 20    Spells: 6/22 levels left

rFire   . . .      SeeInvis .    r - +4 dagger of Welfare {heavy, Str+4 Dex+5}
rCold   + . .      Faith    .    (no shield)
rNeg    . . .      Spirit   .    c - +2 robe {rC+}
rPois   +          Reflect  .    d - +0 helmet
rElec   .          Harm     .    f - +2 cloak {rPois}
rCorr   .          Rampage  .    (no gloves)
Will    .....                    q - +1 pair of boots
Stlth   ++                       (no amulet)
HPRegen 0.29/turn                (no ring)
MPRegen 0.17/turn                (no ring)

@: animating dead
A: no striking features
a: Renounce Religion, Unearth Wretches


You were on level 8 of the Dungeon.
You worshipped Kikubaaqudgha.
Kikubaaqudgha was aware of your devotion.
You visited 2 branches of the dungeon, and saw 9 of its levels.

You collected 621 gold pieces.
You spent 189 gold pieces at shops.

Inventory:

Hand Weapons
 h - the +8 flail "Acroigug" {vamp, Will+ rCorr Str+7}
   (You found it on level 3 of the Dungeon)

   Str:       It affects your strength (+7).
   rCorr:     It protects you from acid and corrosion.
   Will:      It increases your willpower.
 n - a +1 dagger of protection
 r - the +4 dagger of Welfare (weapon) {heavy, Str+4 Dex+5}
   (You bought it in a shop on level 4 of the Dungeon)

   Str:       It affects your strength (+4).
   Dex:       It affects your dexterity (+5).
Missiles
 v - 5 throwing nets
Armour
 c - a +2 robe of cold resistance (worn)
 d - a +0 helmet (worn)
 e - a +3 leather armour
 f - a +2 cloak of poison resistance (worn)
 q - a +1 pair of boots (worn)
Wands
 y - a wand of roots (12)
Scrolls
 o - a scroll of teleportation
 p - a scroll of brand weapon
 w - a scroll of amnesia
 x - a scroll of identify
Potions
 a - 3 potions of curing
 b - a potion of magic
 g - a potion of cancellation
 i - a potion of lignification
 j - 2 potions of mutation
 k - a potion of flight
 l - a potion of heal wounds
 m - a potion of attraction
 s - 2 potions of brilliance
 t - a potion of might


   Skills:
 + Level 5.2 Fighting
 + Level 4.2 Short Blades
 + Level 7.6 Dodging
 - Level 2.4 Stealth
 - Level 7.0 Spellcasting
 - Level 3.0 Conjurations
 - Level 10.0 Necromancy
 - Level 5.0 Ice Magic


You had 6 spell levels left.
You knew the following spells:

 Your Spells              Type           Power      Damage    Failure   Level
a - Necrotise             Necr           100%       1d9       1%          1
b - Vampiric Draining     Necr           56%        2d10      1%          3
c - Animate Dead          Necr           56%        N/A       1%          4
d - Ozocubu's Armour      Ice            33%        N/A       2%          3
e - Searing Ray           Conj           46%        2d6       3%          2
f - Hailstorm             Conj/Ice       28%        3d8       3%          3

Your spell library contained the following spells:

 Spells                   Type           Power      Damage    Failure   Level
 Freeze                   Ice            100%       1d10      1%          1
 Kiss of Death            Conj/Necr      100%       2d13      1%          1
 Magic Dart               Conj           92%        1d7       1%          1
 Sublimation of Blood     Necr           56%        N/A       1%          2
 Cigotuvi's Dreadful Rot  Necr/Pois/Air  50%        N/A       2%          2
 Frozen Ramparts          Ice            66%        1d10      2%          3
 Agony                    Necr           56%        N/A       3%          5
 Wereblood                Tmut           8%         N/A       10%         2
 Fulminant Prism          Conj/Hex       8%         3d7       34%         4
 Simulacrum               Ice/Necr       23%        N/A       43%         6
 Animate Armour           Summ/Erth      16%        N/A       54%         4
 Metabolic Englaciation   Hex/Ice        10%        N/A       54%         5
 Blade Hands              Tmut           4%         N/A       88%         5
 Iron Shot                Conj/Erth      8%         9d3       99%         6
 Summon Hydra             Summ           4%         N/A       100%        7


Dungeon Overview and Level Annotations

Branches:
Dungeon (8/15)             Temple (1/1) D:6            Lair (0/5) D:8

Altars:
Ashenzari
Cheibriados
Dithmenos
Elyvilon
Fedhas
Gozag
Hepliaklqana
Kikubaaqudgha
Makhleb
Nemelex Xobeh
Okawaru
Qazlal
Ru
Sif Muna
Trog
Uskayaw
Vehumet
Wu Jian
Xom
Yredelemnul
Zin
The Shining One

Shops:
D:4 (

Annotations:
D:5 1 runed translucent door, olddryhag's ghost, novice DsGl


Message History

Aim: an ice beast (not watching you, ally target) Attack!
The ice beast misses you.
Your komodo dragon zombie completely misses the ice beast.
You hit the ice beast but do no damage.
The ice beast hits you but does no damage.
Your komodo dragon zombie bites the ice beast but does no damage.
You closely miss the ice beast. The ice beast hits you.
The ice beast freezes you. You resist.
Your komodo dragon zombie bites the ice beast!
You puncture the ice beast!
The ice beast is severely wounded.
The ice beast hits you. The ice beast freezes you. You resist.
A centaur comes into view.
It is carrying a wand of paralysis (12).
The ice beast closely misses you.
Your komodo dragon zombie bites the ice beast!
The ice beast dies!
Kikubaaqudgha accepts your kill.
The dead are walking!
The centaur wields a +0 shortbow.
The centaur shoots an arrow.
The arrow misses you.
The arrow barely misses your komodo dragon zombie.
The centaur zaps a wand.
You easily resist.
You hear a shout! x2
A centaur warrior comes into view. It is wielding a +0 whip.
The centaur warrior unwields a +0 whip.
The centaur warrior wields a +0 longbow.
The centaur warrior shoots an arrow.
The arrow closely misses you.
You hear a shout!
The centaur shoots an arrow.
The arrow hits you.
The centaur shoots an arrow.
The arrow hits you.
The centaur warrior shoots an arrow.
The arrow hits you!!
Ouch! That really hurt!
* * * LOW HITPOINT WARNING * * *
The centaur unwields a +0 shortbow.
The centaur hits you but does no damage.
The centaur misses you.
The centaur warrior shoots an arrow.
The arrow hits you!
You die...
Kikubaaqudgha rasps: "You have failed me!
Welcome... death!"

'. .. .. .#########.
.#........ '........
#c....... .##'###@.......
#.....c.ZZ......
#####.##..##....###.
.....##..##....###./ #
..........#......... #.
..........+......... #..
#.# #.# #..#######
##..###.###<###..####..##
..........†.)[..........#


You could see a centaur warrior, a centaur (ally target), a friendly komodo
dragon zombie and a friendly ice beast zombie.

Vanquished Creatures
  Pikel (D:4)
  A komodo dragon (D:8)
  Sigmund (D:2)
  Eustachio (D:6)
  2 wargs (D:8)
  2 water moccasins (D:7)
  An orc warrior (D:8)
  3 black bears
  An ogre (D:4)
  A centaur (D:7)
  2 phantoms
  A bullfrog (D:8)
  A necrophage (D:6)
  3 scorpions
  3 hounds
  2 jellies (D:4)
  3 orc priests (D:8)
  Crazy Yiuf (D:5)
  6 iguanas
  9 orc wizards
  A gnoll bouda (D:7)
  Robin (D:2)
  13 gnolls
  11 adders
  2 shadow imps
  2 ufetubi
  2 worms (D:2)
  3 dart slugs (D:4)
  23 orcs
  7 ball pythons
  5 endoplasms
  14 giant cockroaches
  17 goblins
  5 hobgoblins
  3 jackals (D:3)
  3 quokkas
  5 kobolds
  4 rats
166 creatures vanquished.

Vanquished Creatures (collateral kills)
  A wraith (D:8)
  An ice beast (D:8)
  A scorpion (D:6)
  A gnoll (D:6)
  An orc (D:8)
  A bat (D:2)
  An endoplasm (D:3)
  A giant cockroach (D:2)
  2 goblins (D:3)
  2 hobgoblins
  A jackal (D:3)
  A kobold (D:3)
14 creatures vanquished.

Vanquished Creatures (others)
  A bullfrog zombie (D:8)
  9 orc zombies
  An adder zombie (D:5)
  A human zombie (D:2)
  An iguana zombie (D:6)
  5 gnoll zombies
  9 plants (D:8)
27 creatures vanquished.

Grand Total: 207 creatures vanquished

Notes
Turn   | Place    | Note
-------+----------+-------------------------------------------
     0 | D:1      | ryw the Deep Elf Necromancer began the quest for the Orb.
     0 | D:1      | Reached XP level 1. HP: 10/10 MP: 6/6
   183 | D:1      | Reached skill level 5 in Necromancy
   267 | D:1      | Reached XP level 2. HP: 16/16 MP: 6/8
   795 | D:2      | Noticed Robin
   796 | D:2      | Reached XP level 3. HP: 20/20 MP: 2/9
   863 | D:1      | Learned a level 3 spell: Vampiric Draining
  1000 | D:1      | Reached skill level 1 in Fighting
  1169 | D:2      | Killed Robin
  1170 | D:2      | Reached XP level 4. HP: 25/25 MP: 7/11
  1180 | D:1      | Learned a level 4 spell: Animate Dead
  1662 | D:2      | Reached skill level 6 in Necromancy
  1812 | D:2      | Noticed Sigmund
  1832 | D:2      | Killed Sigmund
  1833 | D:2      | Reached XP level 5. HP: 26/30 MP: 7/13
  1833 | D:2      | Reached XP level 6. HP: 30/35 MP: 7/14
  1915 | D:2      | Your ally Sigmund died
  2213 | D:2      | Learned a level 3 spell: Ozocubu's Armour
  2539 | D:3      | Reached skill level 7 in Necromancy
  3038 | D:3      | Reached skill level 5 in Spellcasting
  3038 | D:3      | Reached skill level 1 in Ice Magic
  3206 | D:3      | Identified the +8 flail "Acroigug" {vamp, Will+ rCorr
                  | Str+7}
  3955 | D:4      | Noticed Pikel
  4024 | D:4      | Reached XP level 7. HP: 40/40 MP: 13/16
  4484 | D:4      | Noticed an angel
  4490 | D:4      | Paralysed by Pikel for 4 turns
  4500 | D:4      | Paralysed by Pikel for 3 turns
  4505 | D:4      | Killed Pikel
  4506 | D:4      | Reached skill level 5 in Dodging
  4506 | D:4      | Reached skill level 8 in Necromancy
  4506 | D:4      | Reached XP level 8. HP: 46/46 MP: 2/19
  5166 | D:4      | Reached skill level 9 in Necromancy
  5330 | D:4      | Found Tulivowk's Antique Weapon Emporium.
  5339 | D:4      | Bought a brightly glowing dagger for 189 gold pieces
  5339 | D:4      | Identified the +4 dagger of Welfare {heavy, Str+4 Dex+5}
                  | (You bought it in a shop on level 4 of the Dungeon)
  5460 | D:4      | Found a shadowy altar of Dithmenos.
  5769 | D:4      | Found a glowing silver altar of Zin.
  5896 | D:5      | Entered Level 5 of the Dungeon
  5946 | D:5      | Found a runed translucent door.
  6349 | D:5      | Found a bloodstained altar of Trog.
  6722 | D:5      | Found a stormy altar of Qazlal.
  6722 | D:5      | Found a snail-covered altar of Cheibriados.
  6772 | D:5      | Learned a level 2 spell: Searing Ray
  6803 | D:5      | Found a runed translucent door.
  6804 | D:5      | Noticed Crazy Yiuf
  6812 | D:5      | Killed Crazy Yiuf
  6851 | D:5      | Noticed olddryhag's ghost (novice DsGl)
  7499 | D:6      | Found a staircase to the Ecumenical Temple.
  7519 | Temple   | Entered the Ecumenical Temple
  7621 | Temple   | Became a worshipper of Kikubaaqudgha
  7715 | D:6      | Reached skill level 1 in Short Blades
  7817 | D:6      | Reached skill level 1 in Conjurations
  7817 | D:6      | Reached XP level 9. HP: 52/52 MP: 21/21
  8139 | D:6      | Reached skill level 10 in Necromancy
  8377 | D:6      | Noticed Eustachio
  8383 | D:6      | Killed Eustachio
  8440 | D:6      | Found an ornate altar of the Wu Jian Council.
 10149 | D:8      | Reached * piety under Kikubaaqudgha
 10149 | D:8      | Received a gift from Kikubaaqudgha
 10225 | D:7      | Learned a level 3 spell: Hailstorm
 10287 | D:8      | Found a staircase to the Lair.
 10306 | D:8      | Reached skill level 5 in Ice Magic
 10462 | D:8      | Reached skill level 5 in Fighting
 10560 | D:8      | Noticed a komodo dragon
 10580 | D:8      | Killed a komodo dragon
 10595 | D:8      | Noticed a centaur warrior
 10597 | D:8      | Shot with an arrow by a centaur warrior

Illustrated notes

Levels and vault maps discovered:
D:1:      dpeg_arrival_tiny_f, layout_rooms, minivault_27
D:2:      minmay_roachtagon, layout_basic, kennysheep_generic_room_12,
          uniq_sigmund, uniq_robin
D:3:      layout_basic, minmay_misc_feat_plants
D:4:      layout_layer_cave, zin_angel, kennysheep_mini_moat, serial_shops,
          nicolae_lakefront_shop, uniq_pikel
D:5:      layout_cave_pools, mainiacjoe_overflow_concentric_impassable,
          gammafunk_temple_overflow_statue, ebering_ghost_reflecting_pool,
          uniq_crazy_yiuf_cottage
D:6:      layout_loops_ring, mainiacjoe_overflow_alcove_2,
          minmay_temple_entry_sparse_star, uniq_eustachio
D:7:      layout_loops_corners
D:8:      layout_gridville, erik_lair_orcish_takeover, enter_bailey_7,
          minmay_shattered_shrine
Temple:   minmay_temple_bridge_d

Skill      XL: |  1  2  3  4  5  6  7  8  9 |
---------------+----------------------------+-----
Necromancy     | 5 6 7 8 9 10 | 10.0
Dodging        | 3 4 5 7 |  7.6
Fighting       | 1 2 3 5 |  5.2
Spellcasting   | 4 5 6 7 |  7.0
Ice Magic      | 1 2 4 5 |  5.0
Short Blades   | 1 4 |  4.2
Conjurations   | 1 3 |  3.0
Stealth        | |  2.4

Action                   |  1- 3 |  4- 6 |  7- 9 || total
-------------------------+-------+-------+-------++-------
Melee: Dagger            |       |    28 |   100 ||   128
       Flail             |       |    11 |    38 ||    49
       Punch             |       |       |     2 ||     2
 Cast: Necrotise         |    52 |    55 |    57 ||   164
       Vampiric Draining |     7 |    17 |    78 ||   102
       Animate Dead      |       |     4 |    13 ||    17
       Ozocubu's Armour  |       |       |     2 ||     2
       Searing Ray       |       |       |     2 ||     2
       Hailstorm         |       |       |     3 ||     3
Evoke: Wand              |       |       |     1 ||     1
  Use: Scroll            |     2 |     9 |    10 ||    21
       Potion            |       |     3 |       ||     3
 Stab: Paralysed         |       |       |     4 ||     4
       Sleeping          |       |       |     5 ||     5
       Distracted        |       |       |     2 ||     2
Armor: Robe              |     4 |    27 |    66 ||    97
Dodge: Dodged            |    16 |    44 |   168 ||   228

Table legend: (Time is in decaauts)
 A = Elapsed time spent in this place.
 B = Non-inter-level travel time spent in this place.
 C = Inter-level travel time spent in this place.
 D = Time resting spent in this place.
 E = Time spent auto-exploring this place.
 F = Levels seen in this place.
 G = Mean time per level.
                   A        B        C        D        E       F      G
               +--------+--------+--------+--------+--------+-----+--------+
         Total |  10658 |  10145 |    513 |   1771 |   6741 |   9 | 1184.2 |
       Dungeon |  10485 |  10067 |    418 |   1771 |   6678 |   8 | 1310.6 |
        Temple |    172 |     77 |     95 |      0 |     63 |   1 |  172.0 |
               +--------+--------+--------+--------+--------+-----+--------+

Top non-repeatable levels by time:
     D:4: 2255 daAuts
     D:7: 1722 daAuts
     D:3: 1498 daAuts
     D:2: 1362 daAuts
     D:1: 1145 daAuts
     D:6: 1139 daAuts
     D:5: 1022 daAuts
     D:8: 340 daAuts
  Temple: 172 daAuts
